 Dungeon Crawl Stone Soup version 0.19.4-9-g45fd643 (webtiles) character file.

23 imbaray the Sneak (level 2, -1/15 HPs)
             Began as a Vine Stalker Assassin on Feb 18, 2017.
             Succumbed to a kobold's poison
             ... on level 1 of the Dungeon.
             The game lasted 00:01:19 (761 turns).

imbaray the Sneak (Vine Stalker Assassin)            Turns: 761, Time: 00:01:20

Health: -1/15      AC:  3    Str: 13    XL:     2   Next: 95%
Magic:  0/3        EV: 12    Int: 11    God:
Gold:   17         SH:  0    Dex: 15    Spells: 0 memorised, 1 level left

rFire  . . .     SeeInvis .     a - +2 dagger
rCold  . . .     Gourm    .     c - +0 robe
rNeg   . . .     Faith    .     (no shield)
rPois  +         Spirit   +     (no helmet)
rElec  .         Reflect  .     d - +0 cloak
rCorr  .         Harm     .     (no gloves)
MR     .....                    (no boots)
Stlth  +++.......               (no amulet)
                                (no ring)
                                m - ring of poison resistance

@: lethally poisoned (-1 -> -27)
A: fangs 2, magic shield, antimagic bite, no device heal 3, rot immunity
a: no special abilities


You were on level 1 of the Dungeon.
You were not hungry.

You visited 1 branch of the dungeon, and saw 1 of its levels.

You collected 17 gold pieces.

Inventory:

Hand Weapons
 a - a +2 dagger (weapon)
 b - a +0 blowgun
Missiles
 e - 8 poisoned needles
 f - 2 curare-tipped needles
Armour
 c - a +0 robe (worn)
 d - a +0 cloak (worn)
Jewellery
 m - a ring of poison resistance (left hand)
Scrolls
 h - a scroll of identify {unknown}
 j - a scroll of blinking {unknown}
 n - a scroll of fog {unknown}
 o - a scroll of amnesia {unknown}
 p - a scroll of teleportation {unknown}
Potions
 k - a potion of beneficial mutation {unknown}
 q - a potion of agility {unknown}
 r - a potion of degeneration {unknown}
 s - a potion of flight {unknown}
 t - a potion of curing {unknown}
Comestibles
 g - 3 bread rations
 i - 2 fruits
 l - a meat ration


   Skills:
 - Level 1.7 Fighting
 + Level 2.3 Short Blades
 - Level 1.7 Throwing
 + Level 1.2 Dodging
 + Level 5.3 Stealth


You had one spell level left.
You didn't know any spells.

Dungeon Overview and Level Annotations

Branches:
Dungeon (1/15)

Altars:


Innate Abilities, Weirdness & Mutations

You have extremely sharp teeth.
When hurt, damage is shared between your health and your magic reserves.
Your bite disrupts and absorbs the magic of your enemies.
Potions and wands cannot restore your health.
You are immune to rotting.


Message History

The bat is moderately wounded.
You feel sick. The bat barely misses you.
You closely miss the bat. Your bite misses the bat.
The bat is moderately wounded.
You feel sick. The bat closely misses you.
The kobold hits you with a short sword of venom.
* * * LOW HITPOINT WARNING * * *
You are more poisoned.
You are too injured to fight recklessly!
You are too injured to fight recklessly!
You are too injured to fight recklessly!
You are too injured to fight recklessly!
You are too injured to fight recklessly!
You are too injured to fight recklessly!
You are too injured to fight recklessly!
You are too injured to fight recklessly!
You are too injured to fight recklessly!
* * * LOW HITPOINT WARNING * * *
You feel sick. The bat hits you.
You die...

#........#.# ##..#.........#..
.........#.# ##..#....<....#..
.........#.# #..#...........#.
.........#.# #.#####.....#####
#........#.# #......#...#.....
#........#.######..###..#.#.....#
#.#######....b...K## ##..#..##..#
#'## #[.#####.## ##....##..#
...## #..# #@# ##.......# ....##
#..### #.# #.#.##.## .....##
#....# #.# #......#
......###....###.#######.... ##.
......'....>............. .
......####...###########. .
.....## ##..#### ....## ##....#
...### #....#


You could see a kobold.

Vanquished Creatures
  2 giant cockroaches (D:1)
  4 goblins (D:1)
  3 hobgoblins (D:1)
  A ball python (D:1)
  7 bats (D:1)
  2 frilled lizards (D:1)
  3 rats (D:1)
22 creatures vanquished.

Notes
Turn   | Place    | Note
-------+----------+-------------------------------------------
     0 | D:1      | imbaray the Vine Stalker Assassin began the quest for the Orb.
     0 | D:1      | Reached XP level 1. HP: 11/11 MP: 2/2
    40 | D:1      | Reached skill level 1 in Dodging
   214 | D:1      | Reached XP level 2. HP: 14/15 MP: 3/3
   232 | D:1      | Reached skill level 5 in Stealth
   761 | D:1      | Succumbed to a kobold's poison

Skill      XL: |  1  2 |
---------------+-------+-----
Dodging        | 1 |  1.2
Short Blades   | 2 |  2.3
Stealth        | 5 |  5.3
Fighting       | |  1.7
Throwing       | |  1.7

Action                   || total
-------------------------++-------
Melee: Dagger            ||    74
       Bite              ||    14
 Stab: Sleeping          ||     6
       Distracted        ||     1
Armor: Robe              ||    29
Dodge: Dodged            ||    37
